 Dungeon Crawl Stone Soup version 0.29.1-13-g9f3cf754e1 (webtiles) character file.

Game seed: 14390565446339808809

11031 croobank the Covert (level 11, -4/75 HPs)
             Began as an Octopode Summoner on Jan 25, 2023.
             Was an Initiate of Gozag.
             Slain by a two-headed ogre
             ... wielding a +0 dire flail
              (19 damage)
             ... on level 11 of the Dungeon.
             The game lasted 00:41:40 (16383 turns).

croobank the Covert (Octopode Summoner)            Turns: 16383, Time: 00:41:40

Health: -4/75      AC:  2    Str:  8    XL:     11   Next: 71%
Magic:  6/21       EV: 16    Int: 21    God:    Gozag
Gold:   463        SH:  5    Dex: 13    Spells: 6/23 levels left

rFire   + + .      SeeInvis .   C - +5 dagger of Imetuph {vorpal, rF+}
rCold   . . .      Faith    .   (no shield)
rNeg    . . .      Spirit   .   s - +1 hat
rPois   .          Reflect  +   g - amulet of reflection
rElec   .          Harm     .   d - ring of protection from fire
rCorr   .          Rampage  .   i - +4 ring of slaying
Will    +....                   y - ring of willpower
Stlth   +++++.....              (no ring)
HPRegen 0.22/turn               (no ring)
MPRegen 0.17/turn               (no ring)
                                (no ring)
                                (no ring)

@: no status effects
A: almost no armour, amphibious, 8 rings, camouflage 1, gelatinous body 1,
(nimble swimmer 1), tentacles
a: Renounce Religion, Potion Petition, Call Merchant, Bribe Branch


You were on level 11 of the Dungeon.
You worshipped Gozag.
Gozag was aware of your devotion.
You visited 2 branches of the dungeon, and saw 12 of its levels.

You collected 967 gold pieces.
You spent 212 gold pieces at shops.
You paid 292 gold pieces to Gozag.

Inventory:

Hand Weapons
 b - a +2 short sword of venom
 l - a +0 dagger of speed
 t - a +4 flail of protection
 z - a +3 hand axe
 C - the +5 dagger of Imetuph (weapon) {vorpal, rF+}
   (You bought it in a shop on level 5 of the Dungeon)

   It inflicts extra damage upon your enemies.
   rF:        It protects you from fire.
 G - a +4 dagger of flaming
Missiles
 j - 2 javelins (quivered)
 E - 42 poisoned darts
 I - a throwing net
Armour
 s - a +1 hat (worn)
Magical Staves
 F - a staff of cold
Jewellery
 d - a ring of protection from fire (left tentacle)
 g - an amulet of reflection (around mantle)
 i - a +4 ring of slaying (right tentacle)
 o - an amulet of the acrobat
 r - a ring of ice
 y - a ring of willpower (on tentacle)
Wands
 w - a wand of mindburst (1)
 x - a wand of paralysis (7)
Scrolls
 e - 6 scrolls of teleportation
 f - 4 scrolls of vulnerability
 m - 6 scrolls of identify
 n - a scroll of immolation {unknown}
 q - 3 scrolls of enchant armour
 u - 3 scrolls of amnesia
 A - a scroll of silence {unknown}
 D - a scroll of brand weapon
 H - 3 scrolls of enchant weapon
Potions
 a - a potion of attraction
 c - 2 potions of mutation
 h - 2 potions of lignification
 k - a potion of invisibility
 p - a potion of might
 v - 3 potions of brilliance
 B - 4 potions of curing
 J - a potion of magic


   Skills:
 + Level 7.0 Fighting
 + Level 7.4 Dodging
 + Level 10.7 Stealth
 + Level 6.7 Spellcasting
 - Level 5.0 Hexes
 + Level 8.3 Summonings
 * Level 2.7 Transmutations
 + Level 5.7 Air Magic
 * Level 2.6 Earth Magic


You had 6 spell levels left.
You knew the following spells:

 Your Spells              Type           Power      Damage    Failure   Level
a - Summon Small Mammal   Summ           100%       N/A       1%          1
b - Call Imp              Summ           42%        N/A       1%          2
c - Call Canine Familiar  Summ           42%        N/A       1%          3
d - Summon Guardian Gole  Hex/Summ       35%        N/A       1%          3
e - Summon Lightning Spi  Summ/Air       36%        N/A       4%          4
f - Petrify               Tmut/Erth      18%        N/A       30%         4

Your spell library contained the following spells:

 Spells                   Type           Power      Damage    Failure   Level
 Tukima's Dance           Hex            28%        N/A       3%          3
 Portal Projectile        Hex/Tloc       34%        N/A       10%         3
 Gell's Gravitas          Tloc           7%         N/A       26%         3
 Lesser Beckoning         Tloc           7%         N/A       26%         3
 Ozocubu's Armour         Ice            7%         N/A       26%         3
 Teleport Other           Tloc           7%         N/A       26%         3
 Blade Hands              Tmut           9%         N/A       63%         5
 Metabolic Englaciation   Hex/Ice        8%         N/A       65%         5
 Conjure Ball Lightning   Conj/Air       9%         3x3d6     99%         6
 Statue Form              Tmut/Erth      12%        N/A       99%         6
 Ozocubu's Refrigeration  Ice            3%         4d8       100%        7
 Discord                  Hex            14%        N/A       100%        8
 Disjunction              Tloc           3%         N/A       100%        8


Dungeon Overview and Level Annotations

Branches:
Dungeon (11/15)            Temple (1/1) D:6            Lair (0/5) D:11
    Orc: D:9-12

Altars:
Ashenzari
Cheibriados
Dithmenos
Elyvilon
Fedhas
Gozag
Hepliaklqana
Kikubaaqudgha
Makhleb
Nemelex Xobeh
Okawaru
Qazlal
Ru
Sif Muna
Trog
Uskayaw
Vehumet
Wu Jian
Xom
Yredelemnul
Zin
The Shining One
Jiyva

Shops:
D:5 (:(:!   D:6 [

Annotations:
D:3 1 runed translucent door, Rangus's ghost, amateur OpWn
D:9 2 transporters, Zonian's ghost, novice VSBr
D:11 3 runed translucent doors, hawla's ghost, journeyman MeFE


Innate Abilities, Weirdness & Mutations

You cannot wear most types of armour.
You are amphibious.
You can wear up to eight rings at the same time.
Your skin changes colour to match your surroundings (Stealth+).
Your rubbery body absorbs attacks. (AC +1, EV +1)
((You are camouflaged when in or above water. (Stealth+)))
You have tentacles for arms and can constrict up to eight enemies at once.


Message History

Your lightning spire shoots out a bolt of lightning at the two-headed ogre!
The bolt of electricity hits the two-headed ogre!
Casting: Call Canine Familiar (safe; 1% risk of failure)
Confirm with . or Enter, or press ? or * to list all spells.
A guardian golem appears, shielding your allies.
Your lightning spire disappears in a puff of smoke!
Casting: Summon Guardian Golem (safe; 1% risk of failure)
Confirm with . or Enter, or press ? or * to list all spells.
An electric hum fills the air.
What are your orders? t - Shout!
Orders for allies: a - Attack new target. r - Retreat! s - Stop attacking. g - Guard the area. f - Follow me.
Anything else - Cancel.
Gang up on whom?
Press: ? - help, Dir - move target, f - two-headed ogre
Aim: a two-headed ogre, wielding a +0 dire flail and a +0 giant club (moderately wounded, ally target) Attack!
Your lightning spire shoots out a bolt of lightning at the two-headed ogre!
The bolt of electricity hits your guardian golem.
Your guardian golem resists.
The bolt of electricity hits the two-headed ogre.
The two-headed ogre hits your guardian golem with a +0 dire flail!
The two-headed ogre hits your guardian golem with a +0 giant club!
Your lightning spire shoots out a bolt of lightning at the two-headed ogre!
The bolt of electricity hits your guardian golem.
Your guardian golem resists.
The bolt of electricity hits the two-headed ogre!
Your lightning spire shoots out a bolt of lightning at the two-headed ogre!
The bolt of electricity hits the two-headed ogre!
You barely miss the two-headed ogre.
The two-headed ogre is severely wounded.
The two-headed ogre hits you with a +0 dire flail!
The two-headed ogre hits you with a +0 giant club!!
* * * LOW HITPOINT WARNING * * *
The two-headed ogre completely misses you.
The two-headed ogre hits you with a +0 giant club!!
You die...
Your body crumbles into a pile of gold.

$..........# ..)......>#
...~~.. ..........#
...... ..........#
#..... ..........#
#..... ..........#
#..... ..........#
#..... .......@..#
#.....
.......9O.#########.....
.........8.>............
##########.#####.......#
#.# #.# #.......# #>#
#.# #.......# #.# #.#
#.......# #.#
#.#####.......# #.#
#..............


You could see a two-headed ogre (ally target), a friendly guardian golem
(summoned) and a friendly lightning spire (summoned, sheltered).

Vanquished Creatures
  Erica (D:11)
  Maurice (D:10)
  2 yaks (D:10)
  A wyvern (D:9)
  A steam dragon (D:8)
  A water moccasin (D:8)
  An ice beast (D:7)
  4 phantoms
  2 kobold brigands
  2 bullfrogs (D:8)
  2 scorpions
  A wight (D:7)
  A hound (D:5)
  2 jellies
  A gnoll bouda (D:5)
  An orc wizard (D:5)
  3 iguanas
  7 gnolls
  6 adders
  2 shadow imps (D:7)
  3 white imps
  2 ufetubi
  A worm (D:2)
  A dart slug (D:1)
  11 orcs
  2 ball pythons (D:1)
  8 endoplasms
  3 giant cockroaches
  2 goblins
  6 hobgoblins
  3 jackals (D:2)
  4 quokkas
  3 bats
  A frilled lizard (D:1)
  8 kobolds
  5 rats
105 creatures vanquished.

Vanquished Creatures (collateral kills)
  Josephine (D:11)
  A cyclops (D:10)
  A manticore (D:11)
  An unseen horror (D:11)
  4 wraiths (D:11)
  4 yaks
  An acid dragon (D:8)
  A sky beast (D:8)
  A centaur (D:8)
  2 kobold brigands
  A scorpion (D:3)
  2 wights
  A killer bee (D:9)
  5 howler monkeys
  An orc priest (D:9)
  A hound (D:4)
  3 jellies
  4 orc wizards
  5 gnolls
  An adder (D:3)
  A worm (D:3)
  A dart slug (D:5)
  17 orcs
  4 endoplasms
  2 goblins
  3 hobgoblins
  2 quokkas (D:1)
  2 ball pythons (D:1)
  2 bats
  A frilled lizard (D:1)
  10 kobolds
  2 rats
88 creatures vanquished.

Vanquished Creatures (others)
  Pikel (D:6)
  A manticore (D:11)
  A komodo dragon (D:10)
  A troll (D:9)
  A vampire (D:10)
  2 wraiths
  2 yaks (D:10)
  A wyvern (D:9)
  A steam dragon (D:6)
  3 vampire mosquitoes (D:10)
  Edmund (D:4)
  2 orc warriors
  A black bear (D:5)
  A centaur (D:10)
  2 lemures (D:6)
  A gnoll sergeant (D:9)
  A scorpion (D:6)
  11 wights
  2 killer bees (D:9)
  A howler monkey (D:10)
  4 jellies
  2 orc priests
  An orc wizard (D:5)
  2 gnolls (D:9)
  3 kobolds
49 creatures vanquished.

Grand Total: 242 creatures vanquished

Notes
Turn   | Place    | Note
-------+----------+-------------------------------------------
     0 | D:1      | croobank the Octopode Summoner began the quest for the Orb.
     0 | D:1      | Reached XP level 1. HP: 11/11 MP: 3/3
   151 | D:1      | Reached skill level 3 in Stealth
   151 | D:1      | Reached XP level 2. HP: 17/17 MP: 5/5
   167 | D:1      | Learned a level 2 spell: Call Imp
   760 | D:1      | Reached XP level 3. HP: 22/22 MP: 2/6
   810 | D:1      | Learned a level 3 spell: Call Canine Familiar
   985 | D:1      | Found a faded altar of an unknown god.
  1579 | D:2      | Reached skill level 1 in Fighting
  1703 | D:2      | Reached XP level 4. HP: 28/28 MP: 1/7
  2537 | D:3      | Noticed a scorpion
  2566 | D:3      | Killed a scorpion
  2567 | D:3      | Reached skill level 4 in Stealth
  2567 | D:3      | Reached XP level 5. HP: 5/34 MP: 4/9
  2845 | D:2      | Learned a level 3 spell: Summon Guardian Golem
  3507 | D:3      | Reached XP level 6. HP: 21/39 MP: 0/10
  3658 | D:3      | Found a runed translucent door.
  4013 | D:3      | Noticed Rangus's ghost (amateur OpWn)
  4058 | D:4      | Reached skill level 1 in Hexes
  4636 | D:4      | Noticed Edmund
  4656 | D:4      | Killed Edmund
  4996 | D:4      | You fall into a shaft and drop 2 floors!
  5121 | D:6      | Reached skill level 5 in Stealth
  5121 | D:6      | Reached skill level 5 in Summonings
  5121 | D:6      | Reached XP level 7. HP: 45/45 MP: 7/12
  5391 | D:6      | Found a staircase to the Ecumenical Temple.
  5400 | Temple   | Entered the Ecumenical Temple
  5741 | D:6      | Noticed Pikel
  5744 | D:6      | Noticed a steam dragon
  5777 | D:6      | Killed Pikel
  5778 | D:6      | Reached skill level 6 in Stealth
  5778 | D:6      | Reached XP level 8. HP: 52/52 MP: 6/13
  6150 | D:6      | Found Rayl's Antique Armour Shop.
  6743 | D:7      | Learned a level 4 spell: Summon Lightning Spire
  6978 | D:7      | Reached skill level 7 in Stealth
  6978 | D:7      | Reached skill level 1 in Air Magic
  7806 | D:7      | Reached XP level 9. HP: 11/59 MP: 4/15
  8327 | D:7      | Identified the +5 ring mail of Courage {rF- Dex+5 SInv}
  8540 | D:5      | Entered Level 5 of the Dungeon
  8565 | D:5      | Found Timovo's Book Shoppe.
  8570 | D:5      | Found Saqutez's Antique Weapon Emporium.
  8579 | D:5      | Bought a warped dagger for 147 gold pieces
  8579 | D:5      | Identified the +5 dagger of Imetuph {vorpal, rF+} (You
                  | bought it in a shop on level 5 of the Dungeon)
  8645 | D:5      | Reached skill level 5 in Dodging
  8676 | D:5      | Found Ulemengonu's Antique Weapon Shoppe.
  8988 | D:5      | Found Ifren's Book Shop.
  9177 | D:5      | Found a glowing silver altar of Zin.
  9188 | D:5      | Found a bloodstained altar of Trog.
  9326 | D:5      | Found Sorrel's Distillery.
  9335 | D:5      | Bought a potion of heal wounds for 65 gold pieces
 10438 | D:4      | Found a shimmering altar of Xom.
 10438 | D:4      | Found an iron altar of Okawaru.
 10701 | D:8      | Reached skill level 5 in Spellcasting
 10919 | D:8      | Reached skill level 8 in Stealth
 10953 | D:8      | Reached skill level 5 in Fighting
 11570 | D:8      | Reached XP level 10. HP: 66/66 MP: 12/17
 11936 | D:8      | Reached skill level 5 in Hexes
 12290 | D:8      | Found a viscous altar of Jiyva.
 12801 | D:9      | Found an opulent altar of Gozag.
 12802 | D:9      | Found an opulent altar of Gozag.
 12802 | D:9      | Found an opulent altar of Gozag.
 13051 | D:9      | Reached skill level 9 in Stealth
 13393 | D:9      | Found a transporter.
 13397 | D:9      | Noticed a two-headed ogre
 13414 | D:9      | Found an opulent altar of Gozag.
 13469 | D:9      | Found a transporter.
 13489 | D:9      | Noticed Zonian's ghost (novice VSBr)
 13802 | D:9      | Identified the +2 spear of the Wheel {holy, rElec rPois}
 13802 | D:9      | Noticed a centaur warrior
 14375 | D:10     | Entered Level 10 of the Dungeon
 14610 | D:10     | Noticed a cyclops
 14633 | D:10     | Killed a cyclops
 14769 | D:9      | Became a worshipper of Gozag Ym Sagoz the Greedy
 15032 | D:10     | Found a stormy altar of Qazlal.
 15092 | D:10     | Reached XP level 11. HP: 74/74 MP: 14/20
 15094 | D:10     | Reached skill level 10 in Stealth
 15094 | D:10     | Reached skill level 5 in Air Magic
 15232 | D:10     | Found a burning altar of Makhleb.
 15232 | D:10     | Noticed a cacodemon
 15332 | D:10     | Noticed Maurice
 15339 | D:10     | Killed Maurice
 15517 | D:11     | Found a runed translucent gate.
 15517 | D:11     | Found a runed translucent gate.
 15521 | D:11     | Found a runed translucent gate.
 15529 | D:11     | Learned a level 4 spell: Petrify
 15654 | D:11     | Noticed Josephine
 15682 | D:11     | Killed Josephine
 15683 | D:11     | Reached skill level 1 in Transmutations
 15683 | D:11     | Reached skill level 1 in Earth Magic
 15848 | D:11     | Noticed hawla's ghost (journeyman MeFE)
 15894 | D:11     | Noticed a manticore
 15904 | D:11     | Killed a manticore
 16114 | D:11     | Noticed a manticore
 16125 | D:11     | Killed a manticore
 16312 | D:11     | Found a staircase to the Lair.
 16349 | D:11     | Noticed Erica
 16370 | D:11     | Killed Erica
 16371 | D:11     | Noticed a two-headed ogre
 16383 | D:11     | Slain by a two-headed ogre

Illustrated notes

Levels and vault maps discovered:
D:1:      dpeg_arrival_simpleton_a, layout_basic,
          shapermc_ecumenical_altar_venn, serial_park_tiny_pond,
          minmay_crystal_water
D:2:      layout_rooms, minivault_24
D:3:      layout_basic, ebering_ghost_reflecting_pool
D:4:      layout_basic, mainiacjoe_overflow_divided_tiny, uniq_edmund
D:5:      layout_basic, minitemple, serial_shops, shop, nicolae_lakefront_shop,
          shop, shop, dreamdust_wishing_well, kennysheep_windowed_goal
D:6:      layout_basic, temple_fountains, serial_shops, shop,
          hangedman_abyss_or_decor_passed, uniq_pikel
D:7:      layout_layer_cave
D:8:      layout_cave_pods, jiyva_altar_1
D:9:      layout_loops_cross, nicolae_gozag_conspicuous_consumption,
          nzn_ghost_randoct, st_stairs_14
D:10:     lemuel_ice_spiral_2, layout_rooms, grunt_qazlal_sundering,
          makhleb_altar_promises_db, uniq_maurice
D:11:     layout_small_grid, lair_entry_dummy, gammafunk_ghost_icy,
          corexii_leaking_fountain, uniq_josephine, uniq_erica
Temple:   regret_index_temple_generic_petals

Skill      XL: |  1  2  3  4  5  6  7  8  9 10 11 |
---------------+----------------------------------+-----
Stealth        | 3 4 5 6 7 8 9 10 | 10.7
Fighting       | 1 2 3 4 5 6 7 |  7.0
Dodging        | 3 4 5 6 7 |  7.4
Spellcasting   | 3 4 5 6 |  6.7
Hexes          | 1 2 3 4 5 |  5.0
Summonings     | 5 6 7 8 |  8.3
Air Magic      | 1 3 4 5 |  5.7
Transmutations | 2 |  2.7
Earth Magic    | 2 |  2.6

Action                   |  1- 3 |  4- 6 |  7- 9 | 10-12 || total
-------------------------+-------+-------+-------+-------++-------
Melee: Unarmed           |     7 |       |       |       ||     7
       Tentacles         |    13 |    12 |    26 |     5 ||    56
       Whip              |    13 |       |       |       ||    13
       Constrict         |    12 |    16 |    25 |     3 ||    56
       Dagger            |    37 |    54 |    58 |    31 ||   180
       Flail             |       |     4 |    39 |       ||    43
       Punch             |       |     1 |     3 |       ||     4
Throw: Throwing net      |       |       |       |     2 ||     2
 Cast: Summon Small Mamm |    28 |    13 |    24 |    29 ||    94
       Call Imp          |     8 |     8 |     7 |     7 ||    30
       Call Canine Famil |     3 |    10 |    20 |    29 ||    62
       Summon Guardian G |       |     3 |    23 |    39 ||    65
       Summon Lightning  |       |       |     6 |    21 ||    27
Evoke: Wand              |       |       |       |     2 ||     2
  Use: Scroll            |       |    10 |     6 |     5 ||    21
       Potion            |       |     2 |     2 |     3 ||     7
 Stab: Sleeping          |     8 |     8 |     7 |       ||    23
       Distracted        |       |     2 |       |       ||     2
       Paralysed         |       |       |       |     1 ||     1
       Held in net/web   |       |       |       |     1 ||     1
Armor: Skin              |     2 |     7 |     8 |     1 ||    18
Dodge: Dodged            |    36 |    28 |    57 |    58 ||   179
Block: Other             |       |       |       |     1 ||     1
